 Dungeon Crawl Stone Soup version 0.16.1-5-gaa23807 (webtiles) character file.

472 Psiweapon the Changer (level 6, 0/47 HPs)
             Began as a Draconian Transmuter on Mar 28, 2015.
             Was a Believer of Cheibriados.
             Succumbed to a scorpion's poison
             ... on level 4 of the Dungeon.
             The game lasted 00:18:55 (4026 turns).

Psiweapon the Changer (Draconian Transmuter)        Turns: 4026, Time: 00:18:55

Health: 0/47       AC:  9    Str: 18      XL:     6   Next: 83%
Magic:  10/10      EV: 15    Int: 20      God:    Cheibriados [**....]
Gold:   181        SH:  0    Dex: 18 (21) Spells: 2 memorised, 6 levels left

rFire  . . .     SeeInvis .       - Unarmed
rCold  . . .     Clarity  .     (armour unavailable)
rNeg   . . .     SustAb   .     (no shield)
rPois  .         Gourm    .     (helmet restricted)
rElec  .         Spirit   .     (no cloak)
rCorr  .         Warding  .     g - +1 pair of gloves
rMut   .         Stasis   .     a - +0 pair of boots
MR     .....                    (no amulet)
Stlth  ++........               w - +5 ring of dexterity
                                J - +2 ring of evasion

@: lethally poisoned (0 -> -2), slowed, very slow, not resistant to hostile
enchantments, unstealthy
A: unfitting armour, cold-blooded, AC +6
a: Bend Time, Renounce Religion


You were on level 4 of the Dungeon.
You worshipped Cheibriados.
Cheibriados was pleased with you.
You were not hungry.

You visited 1 branch of the dungeon, and saw 6 of its levels.

You collected 181 gold pieces.

Inventory:

Hand weapons
 k - a +0 hunting sling
 n - a +2 quarterstaff of chaos
 K - a +1 antimagic dagger
Missiles
 b - 24 arrows
 j - 3 stones (quivered)
 l - 7 silver sling bullets
 y - a throwing net
 G - 8 javelins
 M - 2 tomahawks
Armour
 a - a +0 pair of boots (worn)
 g - a +1 pair of gloves (worn)
 p - a -2 cloak
Jewellery
 t - an uncursed ring of flight
 w - a +5 ring of dexterity (right hand)
 I - an uncursed ring of positive energy
 J - a +2 ring of evasion (left hand)
Magical devices
 f - a wand of slowing (29)
Scrolls
 v - 2 scrolls of noise {unknown}
 A - a scroll of recharging {unknown}
 B - 2 scrolls of remove curse
 C - 2 scrolls of immolation
 F - 2 scrolls of fear {unknown}
 L - a scroll of teleportation
Potions
 h - a potion of invisibility {unknown}
 m - a potion of curing {unknown}
 o - 2 potions of haste
 E - a potion of agility
Books
 d - a book of Changes

   Spells                             Type                      Level
   a - Beastly Appendage              Transmutation                1
   b - Sticks to Snakes               Transmutation                2
   c - Spider Form                    Transmutation/Poison         3
   d - Ice Form                       Ice/Transmutation            4
   e - Blade Hands                    Transmutation                5
 s - a book of Clouds

   Spells                             Type                      Level
   a - Mephitic Cloud                 Conjuration/Poison/Air       3
   b - Conjure Flame                  Conjuration/Fire             3
   c - Poisonous Cloud                Conjuration/Poison/Air       6
   d - Freezing Cloud                 Conjuration/Ice/Air          6
   e - Ring of Flames                 Charms/Fire                  7
 z - a book of Changes

   Spells                             Type                      Level
   a - Beastly Appendage              Transmutation                1
   b - Sticks to Snakes               Transmutation                2
   c - Spider Form                    Transmutation/Poison         3
   d - Ice Form                       Ice/Transmutation            4
   e - Blade Hands                    Transmutation                5
Miscellaneous
 u - a plain deck of wonders
Comestibles
 c - 3 meat rations
 i - 3 fruits
 r - 2 bread rations
 x - 2 beef jerkies
 D - 2 chunks of flesh
 H - a royal jelly


   Skills:
 - Level 1.1 Fighting
 + Level 2.8 Dodging
 - Level 5.1 Unarmed Combat
 - Level 2.0 Spellcasting
 * Level 5.6 Transmutations


You had 6 spell levels left.
You knew the following spells:

 Your Spells              Type           Power        Failure   Level  Hunger
a - Beastly Appendage     Trmt           ###...       1%          1    #......
b - Sticks to Snakes      Trmt           ###.......   2%          2    ##.....


Dungeon Overview and Level Annotations

Branches:
Dungeon (6/15)             Temple (0/1) D:4

Altars:
Ashenzari
Cheibriados
Dithmenos
Gozag
Nemelex Xobeh

Shops:
D:4 *


Innate Abilities, Weirdness & Mutations

Your plain brown scales are hard (AC +6).
Your body does not fit into most forms of armour.
Your cold-blooded metabolism reacts poorly to cold.


Message History

The scorpion barely misses you.
You hit the scorpion but do no damage.
You tail-slap the scorpion, but do no damage.
The scorpion is severely wounded.
The scorpion closely misses you.
You hit the scorpion.
You tail-slap the scorpion, but do no damage.
The scorpion is severely wounded.
You feel sick. The scorpion misses you.
You closely miss the scorpion.
You tail-slap the scorpion, but do no damage.
The scorpion is severely wounded.
The scorpion stings you!
* * * LOW HITPOINT WARNING * * *
The scorpion stings you but does no damage.
Unknown command.
Drink which item? (? for menu, Esc to quit)
It was a potion of cure mutation.
It has a very clean taste.
You feel robust.
You die...

... #.. #.# #.# ...
..# .... #.####...
..... #o........
#.....## ##s#
#......###)@#
#.......##..## #
##............# ##
##.........###......
.###..........#
##...#
........####..##
...# ..#####.# ##..#
.. .## #.#
###.##[.... .##
#.####.....#


You could see a scorpion and an orc wizard.

Vanquished Creatures
  Duvessa (D:4)
  Dowan (D:4)
  An orc priest (D:4)
  Crazy Yiuf (D:2)
  A quasit (D:5)
  An iguana (D:3)
  2 worker ants
  An orc wizard (D:5)
  Ijyb (D:2)
  A hound skeleton (D:4)
  An elf zombie (D:4)
  4 adders (D:3)
  5 gnolls
  A shadow imp (D:4)
  A giant mite (D:4)
  A worm (D:3)
  An adder skeleton (D:4)
  4 giant geckos
  2 oozes
  7 orcs (D:4)
  A giant cockroach (D:2)
  7 hobgoblins
  3 quokkas
  A ball python (D:1)
  4 bats
  4 giant newts
  10 goblins
  4 kobolds
  8 rats
80 creatures vanquished.

Vanquished Creatures (collateral kills)
  A gnoll (D:2)
  A bat (D:4)
  2 hobgoblins (D:2)
4 creatures vanquished.

Grand Total: 84 creatures vanquished

Notes
Turn   | Place    | Note
--------------------------------------------------------------
     0 | D:1      | Psiweapon, the Draconian Transmuter, began the quest for the Orb.
     0 | D:1      | Reached XP level 1. HP: 16/16 MP: 3/3
   226 | D:2      | Reached XP level 2. HP: 21/23 MP: 4/4
   226 | D:2      | Found a shadowy altar of Dithmenos.
   621 | D:1      | Gained mutation: You are frail (-10% HP). [potion of mutation]
   952 | D:2      | Noticed Crazy Yiuf
   958 | D:2      | Learned a level 2 spell: Sticks to Snakes
   974 | D:2      | Killed Crazy Yiuf
   974 | D:2      | Reached XP level 3. HP: 5/25 MP: 1/6
  1365 | D:2      | Found a snail-covered altar of Cheibriados.
  1378 | D:2      | Reached skill level 4 in Unarmed Combat
  1622 | D:2      | Became a worshipper of Cheibriados the Contemplative
  1886 | D:3      | Noticed Ijyb
  1906 | D:2      | Killed Ijyb
  1906 | D:2      | Reached XP level 4. HP: 23/31 MP: 7/7
  2457 | D:3      | Acquired Cheibriados' first power
  2460 | D:3      | Reached XP level 5. HP: 34/36 MP: 1/9
  2465 | D:3      | Reached skill level 5 in Unarmed Combat
  2759 | D:3      | You fall through a shaft for 3 floors!
  2759 | D:6      | Noticed an ice beast
  2813 | D:6      | Found a sparkling altar of Nemelex Xobeh.
  2830 | D:5      | Entered Level 5 of the Dungeon
  2909 | D:5      | Found a shattered altar of Ashenzari.
  3060 | D:5      | Noticed Duvessa
  3060 | D:5      | Noticed Dowan
  3252 | D:3      | Reached XP level 6. HP: 26/42 MP: 8/10
  3457 | D:4      | Found an opulent altar of Gozag.
  3459 | D:4      | Found Gozag's Platinum Reserve.
  3691 | D:4      | Reached skill level 5 in Transmutations
  3809 | D:4      | Killed Duvessa
  3835 | D:4      | Killed Dowan
  3965 | D:4      | Found a staircase to the Ecumenical Temple.
  4025 | D:4      | HP: 1/42 [scorpion (9)]
  4026 | D:4      | Lost mutation: You are frail (-10% HP). [potion of cure mutation]
  4026 | D:4      | Succumbed to a scorpion's poison

Action                   |  1- 3 |  4- 6 || total
-------------------------+-------+-------++-------
Melee: Unarmed           |   100 |   206 ||   306
       Quarterstaff      |     4 |       ||     4
 Fire: Hunting sling     |     3 |       ||     3
 Cast: Beastly Appendage |    14 |    18 ||    32
       Sticks to Snakes  |     3 |     8 ||    11
Evoke: Wand              |       |     5 ||     5
  Use: Scroll            |     5 |     5 ||    10
       Potion            |     1 |     1 ||     2
 Stab: Sleeping          |       |     1 ||     1
  Eat: Chunk             |     1 |     5 ||     6
       Bread ration      |     1 |       ||     1
